 Dungeon Crawl Stone Soup version 0.30-a0-715-gdb4ae3ece1 (webtiles) character file.

Game seed: 2206099441600283705

7443 ryw the Fighter (level 11, -4/117 HPs)
             Began as an Ogre Gladiator on Jan 25, 2023.
             Was an Initiate of Gozag.
             Slain by a thrashing horror (10 damage)
             ... on level 2 of the Abyss.
             The game lasted 00:19:41 (9248 turns).

ryw the Fighter (Ogre Gladiator)                    Turns: 9248, Time: 00:19:41

Health: -4/117     AC: 21    Str: 24    XL:     11   Next: 15%
Magic:  11/11      EV: 14    Int:  9    God:    Gozag
Gold:   1163       SH:  0    Dex: 10    Spells: 10/10 levels left

rFire   . . .      SeeInvis .    x - +1 giant club
rCold   . . .      Faith    .    (shield currently unavailable)
rNeg    + . .      Spirit   .    o - +3 pearl dragon scales
rPois   .          Reflect  .    c - +0 hat
rElec   .          Harm     .    p - +0 cloak
rCorr   .          Rampage  .    (gloves unavailable)
Will    +....                    (boots unavailable) Stlth
                                 E - amulet of regeneration
HPRegen 1.19/turn                i - +5 ring of evasion
MPRegen 0.12/turn                n - +4 ring of protection

@: no status effects
A: large, unfitting armour, tough skin 1
a: Renounce Religion, Potion Petition, Call Merchant, Bribe Branch


You were on level 2 of the Abyss.
You worshipped Gozag.
Gozag was most pleased with you.
You visited 2 branches of the dungeon, and saw 11 of its levels.
You visited the Abyss 1 time.

You collected 1266 gold pieces.
You paid 103 gold pieces to Gozag.

Inventory:

Hand Weapons
 a - a +0 flail
 b - a +0 morningstar of flaming
 m - a +2 whip of electrocution
 x - a +1 giant club (weapon)
Missiles
 d - 6 throwing nets
 e - a large rock
 h - 62 poisoned darts
 A - 2 javelins (quivered)
 C - a datura-tipped dart
Armour
 c - a +0 hat (worn)
 o - +3 pearl dragon scales (worn)
 p - a +0 cloak (worn)
Jewellery
 i - a +5 ring of evasion (left hand)
 k - an amulet of guardian spirit
 n - a +4 ring of protection (right hand)
 E - an amulet of regeneration (around neck)
Wands
 r - a wand of charming (18)
 u - a wand of roots (4)
 w - a wand of digging (5)
 y - a wand of acid (5)
Scrolls
 z - 2 scrolls of fog
 F - a scroll of magic mapping
Potions
 f - 2 potions of brilliance
 g - a potion of lignification
 l - 2 potions of attraction
 q - 3 potions of curing
 s - a potion of cancellation
 t - a potion of ambrosia {unknown}
 v - a potion of mutation {unknown}


   Skills:
 + Level 10.0 Fighting
 * Level 8.8 Maces & Flails
 + Level 7.7 Throwing
 - Level 5.0 Armour
 + Level 7.4 Dodging


You had 10 spell levels left.
You didn't know any spells.
Your spell library contained the following spells:

 Spells                   Type           Power      Damage    Failure   Level
 Beastly Appendage        Tmut           0%         N/A       75%         1
 Sandblast                Erth           0%         2d4       75%         1
 Ensorcelled Hibernation  Hex/Ice        0%         N/A       86%         2
 Lesser Beckoning         Tloc           0%         N/A       86%         2
 Passwall                 Tmut/Erth      0%         N/A       86%         2
 Wereblood                Tmut           0%         N/A       86%         2
 Hailstorm                Conj/Ice       0%         3d3       98%         3
 Inner Flame              Hex/Fire       0%         N/A       98%         3
 Portal Projectile        Hex/Tloc       0%         N/A       98%         3
 Spider Form              Tmut/Pois      0%         N/A       98%         3
 Stone Arrow              Conj/Erth      0%         3d7       98%         3
 Swiftness                Air            0%         N/A       98%         3
 Airstrike                Air            0%         2d(0-16)  100%        4
 Flame Wave               Conj/Fire      0%         2d4       100%        4
 Ice Form                 Ice/Tmut       0%         N/A       100%        4
 Manifold Assault         Tloc           0%         N/A       100%        4
 Passage of Golubria      Tloc           0%         N/A       100%        4
 Sticky Flame             Conj/Fire      0%         2d3       100%        4
 Summon Lightning Spire   Summ/Air       0%         N/A       100%        4
 Lightning Bolt           Conj/Air       0%         1d11      100%        5
 Silence                  Hex/Air        0%         N/A       100%        5
 Lehudib's Crystal Spear  Conj/Erth      0%         10d2      100%        8
 Simulacrum               Ice/Necr       Unusable   N/A       N/A         6

Dungeon Overview and Level Annotations

Branches:
Dungeon (10/15)            Temple (1/1) D:7
   Lair: D:8-11         Orc: D:9-12

Altars:
Ashenzari
Cheibriados
Dithmenos
Elyvilon
Fedhas
Gozag
Hepliaklqana
Kikubaaqudgha
Makhleb
Nemelex Xobeh
Okawaru
Qazlal
Ru
Sif Muna
Trog
Uskayaw
Vehumet
Wu Jian
Yredelemnul
Zin
The Shining One

Shops:
D:4 [

Annotations:
D:9 1 runed translucent door
D:10 Erolcha


Innate Abilities, Weirdness & Mutations

You are too large for most types of armour.
You have tough skin. (AC +1)


Message History

* * * LOW HITPOINT WARNING * * *
The ophan calls forth blessed flames!
Blessed fire suddenly surrounds you!
The small abomination closely misses you.
The starspawn tentacle grabs you. The starspawn tentacle constricts you.
Okay, then.
Blink to where?
Press: ? - help, Dir - move target You escape the starspawn tentacle's grasp.
As you read the scroll of blinking, it crumbles to dust.
The tentacled starspawn is engulfed in blessed fire.
You feel a little less mighty now.
A quasit comes into view.
Found a gateway leading out of the Abyss.
The quasit closely misses you.
The quasit claws you but does no damage.
The quasit barely misses you.
A thrashing horror and an efreet come into view.
The efreet is wielding a +3 scimitar of flaming.
The thrashing horror roars!
You hear a roar!
A thrashing horror comes into view.
The thrashing horror roars!
The efreet gestures at you.
The fireball explodes!
The fireball engulfs you!!
* * * LOW HITPOINT WARNING * * *
The fireball engulfs the quasit!
The quasit resists.
The quasit attacks as you move away! The quasit closely misses you.
The quasit misses you.
The quasit claws you but does no damage.
The quasit closely misses you. x2
The quasit claws you but does no damage.
Okay, then.
Okay, then.
The thrashing horror tramples you but does no damage. x2
The thrashing horror closely misses you.
The thrashing horror tramples you but does no damage.
The thrashing horror attacks as you move away!
The thrashing horror tramples you!
You die...
Your body crumbles into a pile of gold.

####..###....## ...
.#.#. ..#....#..##.## .
#..#...........##.#.#..
#.#.#.. #..#.#.#..#....
#.....#.#.####..#°...#
####...##.#.....○R##...
# ... .#..#...#.....#
...## # .#...#X5#..###
.... ..#...##.#.@###..
.#. ..##.# X#...# #
.#.. ..###...#X.. # #
...#.#∩### #..# ... #
#..# ...# ....


You could see 2 thrashing horrors, an efreet and a quasit.

Vanquished Creatures
  A tentacled starspawn (Abyss:2)
  A rakshasa (Abyss:2)
  Joseph (D:9)
  A troll (D:10)
  Sigmund (D:4)
  2 wyverns (D:9)
  7 yaks (D:10)
  A small abomination (Abyss:2)
  A steam dragon (D:8)
  2 acid dragons
  2 orc warriors
  3 ice beasts
  A sky beast (D:8)
  4 black bears
  An ogre (D:6)
  3 centaurs
  A phantom (D:6)
  5 bullfrogs
  3 kobold brigands
  2 scorpions
  A necrophage (D:6)
  3 killer bees (D:8)
  2 howler monkeys (D:10)
  An electric eel (D:6)
  A jelly (D:6)
  3 hounds
  3 orc priests
  4 gnoll boudas
  2 iguanas
  8 orc wizards
  23 gnolls
  6 adders
  A white imp (D:5)
  5 dart slugs
  40 orcs
  9 ball pythons
  6 endoplasms
  3 giant cockroaches
  10 goblins
  10 hobgoblins
  10 jackals
  3 quokkas
  2 bats
  6 frilled lizards
  24 kobolds
  11 rats
240 creatures vanquished.

Vanquished Creatures (others)
  An orc wizard (D:6)
  7 fungi (D:10)
  6 plants (D:10)
  5 starspawn tentacles (Abyss:2)
19 creatures vanquished.

Grand Total: 259 creatures vanquished

Notes
Turn   | Place    | Note
-------+----------+-------------------------------------------
     0 | D:1      | ryw the Ogre Gladiator began the quest for the Orb.
     0 | D:1      | Reached XP level 1. HP: 22/22 MP: 1/1
   143 | D:1      | Reached skill level 3 in Fighting
   144 | D:1      | Reached XP level 2. HP: 12/31 MP: 2/2
   276 | D:1      | Found a faded altar of an unknown god.
   663 | D:2      | Reached XP level 3. HP: 37/37 MP: 3/3
  1128 | D:2      | Reached XP level 4. HP: 48/48 MP: 4/4
  1139 | D:2      | Reached skill level 4 in Fighting
  1312 | D:3      | Found a glowing golden altar of the Shining One.
  1323 | D:3      | Reached skill level 1 in Armour
  1345 | D:3      | Found a snail-covered altar of Cheibriados.
  1375 | D:3      | Found a broken altar of Ashenzari.
  1452 | D:3      | Reached XP level 5. HP: 54/54 MP: 5/5
  1822 | D:3      | Reached XP level 6. HP: 61/63 MP: 6/6
  1884 | D:3      | You fall into a shaft and drop 2 floors!
  1884 | D:5      | Entered Level 5 of the Dungeon
  1944 | D:5      | Noticed an ice beast
  1959 | D:5      | Killed an ice beast
  1960 | D:5      | Reached skill level 5 in Fighting
  2158 | D:4      | Found Riopia's Armour Shoppe.
  2785 | D:4      | Reached XP level 7. HP: 69/72 MP: 7/7
  3066 | D:4      | Noticed Sigmund
  3342 | D:4      | Killed Sigmund
  3901 | D:5      | Reached skill level 6 in Fighting
  4035 | D:5      | Found a glowing silver altar of Zin.
  4076 | D:5      | Reached XP level 8. HP: 81/83 MP: 8/8
  4678 | D:6      | Reached skill level 5 in Dodging
  4680 | D:6      | Reached skill level 5 in Throwing
  4833 | D:6      | Found a burning altar of Makhleb.
  5126 | D:6      | Reached skill level 7 in Fighting
  5322 | D:7      | Reached skill level 5 in Maces & Flails
  5327 | D:7      | Found a staircase to the Ecumenical Temple.
  5335 | Temple   | Entered the Ecumenical Temple
  5534 | Temple   | Became a worshipper of Gozag Ym Sagoz the Greedy
  5561 | Temple   | Reached XP level 9. HP: 82/93 MP: 9/9
  6776 | D:8      | Noticed a two-headed ogre
  6991 | D:8      | Reached skill level 8 in Fighting
  7510 | D:8      | Found an iron altar of Okawaru.
  8030 | D:9      | Noticed Joseph
  8043 | D:9      | Killed Joseph
  8044 | D:9      | Reached XP level 10. HP: 79/105 MP: 7/10
  8357 | D:9      | Found a runed translucent door.
  8525 | D:9      | Got the Textbook on the Glacier and Coordinates
  8724 | D:10     | Entered Level 10 of the Dungeon
  8869 | D:10     | Reached skill level 5 in Armour
  8912 | D:10     | Reached skill level 9 in Fighting
  8991 | D:10     | Noticed Erolcha
  8999 | Abyss:2  | Cast into level 2 of the Abyss (Erolcha)
  9053 | Abyss:2  | Noticed a smoke demon
  9179 | Abyss:2  | Noticed a yellow draconian
  9186 | Abyss:2  | Noticed a tentacled starspawn
  9195 | Abyss:2  | Noticed a rakshasa
  9196 | Abyss:2  | Killed a tentacled starspawn
  9197 | Abyss:2  | Reached XP level 11. HP: 44/117 MP: 11/11
  9209 | Abyss:2  | Noticed an ophan
  9212 | Abyss:2  | Killed a rakshasa
  9213 | Abyss:2  | Reached skill level 10 in Fighting
  9219 | Abyss:2  | Noticed a tentacled starspawn
  9244 | Abyss:2  | Noticed a thrashing horror
  9245 | Abyss:2  | Noticed a thrashing horror
  9245 | Abyss:2  | HP: 4/117 [efreet/fireball (28)]
  9248 | Abyss:2  | Slain by a thrashing horror

Illustrated notes

Levels and vault maps discovered:
D:1:      lightli_arrival_chessboard, layout_rooms,
          shapermc_ecumenical_altar_venn, minmay_misc_feat_columns
D:2:      layout_basic, minmay_misc_feat_pillars
D:3:      layout_basic, chequers_temple_overflow_statue_of_worship,
          mainiacjoe_overflow_alcove_1, chequers_serial_rivers_room_a,
          kennysheep_generic_room_6
D:4:      layout_loops_corners, serial_shops, nicolae_shop_hallway_plus,
          minmay_misc_feat_square, moated_statue, minmay_stone_trees_small,
          uniq_sigmund
D:5:      layout_loops_ring, mainiacjoe_overflow_24_doors
D:6:      layout_cave_pools, makhleb_heckhound_becter,
          minmay_stone_trees_medium, minivault_14
D:7:      layout_loops_ring, minmay_temple_entry_arrows, hangedman_glass_teeth
D:8:      layout_gridville, mainiacjoe_overflow_tiny_flanked,
          kennysheep_generic_room_16
D:9:      layout_long_grid, minmay_strange_pillars, lightli_church_of_beogh,
          uniq_joseph
D:10:     layout_irregular_city, led_xom_imps, grunt_lair_entry_orc_guard_hut,
          uniq_erolcha
Temple:   nicolae_temple_bog_church
Abyss:2:  base:
D:10

Skill      XL: |  1  2  3  4  5  6  7  8  9 10 11 |
---------------+----------------------------------+-----
Fighting       | 3 4 5 6 7 8 9 10 | 10.0
Dodging        | 3 4 5 6 7 |  7.4
Throwing       | 3 4 5 6 7 |  7.7
Armour         | 1 2 3 4 5 |  5.0
Maces & Flails | 3 5 6 8 |  8.8

Action                     |  1- 3 |  4- 6 |  7- 9 | 10-12 || total
---------------------------+-------+-------+-------+-------++-------
  Melee: Flail             |    54 |       |       |       ||    54
         Whip              |    55 |   151 |       |       ||   206
         Punch             |       |     2 |     3 |       ||     5
         Morningstar       |       |     8 |   176 |       ||   184
         Giant club        |       |       |   284 |   136 ||   420
  Throw: Large rock        |     1 |       |     2 |       ||     3
         Throwing net      |     1 |       |       |       ||     1
         Dart              |       |       |    25 |       ||    25
    Use: Scroll            |       |    10 |     6 |     7 ||    23
         Potion            |       |       |       |     6 ||     6
   Stab: Held in net/web   |     1 |       |       |       ||     1
 Armour: Robe              |    29 |       |       |       ||    29
         Pearl dragon scal |    12 |    72 |   319 |    71 ||   474
         Skin              |       |       |       |     7 ||     7
  Dodge: Dodged            |    63 |    78 |   432 |    94 ||   667

Table legend: (Time is in decaauts)
 A = Elapsed time spent in this place.
 B = Non-inter-level travel time spent in this place.
 C = Inter-level travel time spent in this place.
 D = Time resting spent in this place.
 E = Time spent auto-exploring this place.
 F = Levels seen in this place.
 G = Mean time per level.
                   A        B        C        D        E       F      G
               +--------+--------+--------+--------+--------+-----+--------+
         Total |   9438 |   8928 |    510 |   1045 |   5574 |  12 |  786.5 |
       Dungeon |   8922 |   8428 |    494 |    878 |   5410 |  10 |  892.2 |
        Temple |    261 |    245 |     16 |     29 |    164 |   1 |  261.0 |
         Abyss |    254 |    254 |      0 |    138 |      0 |   1 |  254.0 |
               +--------+--------+--------+--------+--------+-----+--------+

Top non-repeatable levels by time:
     D:8: 1311 daAuts
     D:3: 1288 daAuts
     D:7: 1053 daAuts
     D:4: 1048 daAuts
     D:5: 968 daAuts
     D:9: 872 daAuts
     D:6: 763 daAuts
     D:2: 696 daAuts
     D:1: 625 daAuts
    D:10: 294 daAuts
  Temple: 261 daAuts
 Abyss:2: 254 daAuts
